 Dungeon Crawl Stone Soup version 0.29-a0-234-g0dae59b3db (webtiles) character file.

Game seed: 18148320290973761502

111 bande the Covered (level 4, -6/29 HPs)
             Began as a Gargoyle Fighter on Mar 3, 2022.
             Killed from afar by a white imp (9 damage)
             ... with a puff of frost
             ... summoned by Natasha
             ... on level 2 of the Dungeon.
             The game lasted 00:02:17 (2016 turns).

bande the Covered (Gargoyle Fighter)                Turns: 2016, Time: 00:02:17

Health: -6/29      AC: 11    Str: 20    XL:     4   Next: 92%
Magic:  4/4        EV:  9    Int:  8    God:
Gold:   95         SH:  4    Dex: 11    Spells: 3/3 levels left

rFire   . . .      SeeInvis .   a - +0 war axe
rCold   . . .      Faith    .   c - +0 buckler
rNeg    + . .      Spirit   .   b - +0 scale mail
rPois   ∞          Reflect  .   f - +0 helmet
rElec   +          Harm     .   (no cloak)
rCorr   .          Rampage  .   (no gloves)
Will    .....                   (no boots)
Stlth   ..........              (no amulet)
HPRegen 0.09/turn               (no ring)
MPRegen 0.09/turn               (no ring)

@: no status effects
A: sickness immunity, AC +3, negative energy resistance 1, electricity
resistance, torment resistance 1, petrification resistance
a: no special abilities


You were on level 2 of the Dungeon.
You visited 1 branch of the dungeon, and saw 2 of its levels.

You collected 95 gold pieces.

Inventory:

Hand Weapons
 a - a +0 war axe (weapon)
Armour
 b - a +0 scale mail (worn)
 c - a +0 buckler (worn)
 f - a +0 helmet (worn)
Scrolls
 e - a scroll of amnesia {unknown}
 g - a scroll of teleportation {unknown}
 h - a scroll of identify {unknown}
Potions
 d - a potion of might


   Skills:
 + Level 3.9 Fighting
 + Level 3.0 Axes
 + Level 4.1 Armour
 + Level 3.9 Shields


You had 3 spell levels left.
You didn't know any spells.
Your spell library was empty.

Dungeon Overview and Level Annotations

Branches:
Dungeon (2/15)

Altars:

Annotations:
D:2 Natasha


Innate Abilities, Weirdness & Mutations

You are immune to sickness and miasma.
Your stone body is resilient. (AC +3)
You are immune to poison.
You resist negative energy. (rN+)
You are resistant to electric shocks. (rElec)
You are resistant to unholy torment.
You are immune to petrification.


Message History

The frilled lizard closely misses you.
The frilled lizard bites you but does no damage.
You miss the frilled lizard.
The frilled lizard bites you but does no damage.
You hit the frilled lizard.
You kill the frilled lizard!
No target in view!
Natasha, Servant of Life and Death comes into view.
Found 13 gold pieces.
Natasha hisses angrily.
Natasha casts a spell.
There are monsters nearby!
Natasha wildly gestures.
Natasha's front paws start to glow.
Natasha mumbles some strange words.
You feel troubled.
You closely miss the white imp.
Natasha howls an incantation.
Natasha's front paws start to glow.
The white imp shouts, "Leave, thou quaking idle-headed dandiprat!"
The white imp gestures at you. The puff of frost hits you!
You hit the white imp but do no damage. The white imp hits you.
The white imp freezes you.
You hit the white imp but do no damage. The white imp gestures at you.
The puff of frost hits you! The white imp hits you.
* * * LOW HITPOINT WARNING * * *
The white imp freezes you.
* * * LOW HITPOINT WARNING * * *
You are too injured to fight recklessly!
You are too injured to fight recklessly!
You are too injured to fight recklessly!
You are too injured to fight recklessly!
You are too injured to fight recklessly!
You are too injured to fight recklessly!
You are too injured to fight recklessly!
The white imp gestures at you. The puff of frost hits you!
You die...

#..... ...... .#
....##.# ....##.#
## #...##.# .
#.#h##.# ###
#.#.#5##.# #..
###.#......####$#
## #.#
.......@........#
#. #.#
.##.#.#<##.######
#. #.# #...##.#
#########. ###.#
#.####.#
#.........
....####.#
#.####.#
#.##.##.#.
##.......#
##......#
#<##÷##.#.
#.#######
#...#####
#.##.##... ##.#
#...# #.##.#####
...# #...#
##.##.#####


You could see Natasha and a white imp (summoned).

Vanquished Creatures
  A jelly (D:2)
  Robin (D:2)
  2 adders (D:2)
  A worm (D:2)
  3 endoplasms
  A giant cockroach (D:2)
  16 goblins
  4 hobgoblins
  3 jackals (D:1)
  A quokka (D:2)
  A ball python (D:2)
  4 bats
  3 frilled lizards
  4 kobolds
  2 rats
47 creatures vanquished.

Vanquished Creatures (others)
  3 plants (D:1)
3 creatures vanquished.

Grand Total: 50 creatures vanquished

Notes
Turn   | Place    | Note
-------+----------+-------------------------------------------
     0 | D:1      | bande the Gargoyle Fighter began the quest for the Orb.
     0 | D:1      | Reached XP level 1. HP: 14/14 MP: 1/1
    52 | D:1      | Reached XP level 2. HP: 19/19 MP: 2/2
   554 | D:1      | Found a faded altar of an unknown god.
   856 | D:2      | Reached XP level 3. HP: 24/24 MP: 3/3
   976 | D:2      | Reached skill level 4 in Armour
  1006 | D:2      | Reached XP level 4. HP: 15/29 MP: 4/4
  1414 | D:2      | Noticed Robin
  1429 | D:2      | Killed Robin
  2010 | D:2      | Noticed Natasha
  2016 | D:2      | Killed from afar by a white imp

Illustrated notes

Levels and vault maps discovered:
D:1:      psy_arrival_fountain, layout_basic,
          hellmonk_ecumenical_altar_crossroads, serial_forest,
          infiniplex_forest_clump_C, infiniplex_forest_clump_large,
          infiniplex_forest_corner_1, infiniplex_forest_zigzag_1,
          infiniplex_forest_end_1
D:2:      layout_loops_cross, minmay_crystal_water, minivault_11, uniq_robin,
          uniq_natasha

Skill      XL: |  1  2  3  4 |
---------------+-------------+-----
Axes           | 2 3 |  3.0
Armour         | 4 |  4.1
Fighting       | |  3.9
Shields        | |  3.9

Action                   |  1- 3 |  4- 6 || total
-------------------------+-------+-------++-------
Melee: War axe           |    77 |    54 ||   131
Armor: Scale mail        |    45 |    25 ||    70
Dodge: Dodged            |    35 |    28 ||    63
Block: Buckler           |    22 |    10 ||    32

Table legend: (Time is in decaauts)
 A = Elapsed time spent in this place.
 B = Non-inter-level travel time spent in this place.
 C = Inter-level travel time spent in this place.
 D = Time resting spent in this place.
 E = Time spent auto-exploring this place.
 F = Levels seen in this place.
 G = Mean time per level.
                   A        B        C        D        E       F      G
               +--------+--------+--------+--------+--------+-----+--------+
         Total |   2070 |   2037 |     33 |    418 |   1306 |   2 | 1035.0 |
       Dungeon |   2070 |   2037 |     33 |    418 |   1306 |   2 | 1035.0 |
               +--------+--------+--------+--------+--------+-----+--------+

Top non-repeatable levels by time:
     D:2: 1210 daAuts
     D:1: 860 daAuts
